 Dungeon Crawl Stone Soup version 0.18.1-8-gdd0e5ea (webtiles) character file.

103 Jojapa the Magician (level 4, 0/24 HPs)
             Began as a Deep Elf Wizard on May 23, 2016.
             Was an Initiate of Vehumet.
             Slain by an orc priest (2 damage)
             ... on level 2 of the Dungeon.
             The game lasted 00:05:02 (3035 turns).

Jojapa the Magician (Deep Elf Wizard)               Turns: 3035, Time: 00:05:02

Health: 0/24       AC:  3    Str:  4    XL:     4   Next: 51%
Magic:  0/13       EV: 12    Int: 24    God:    Vehumet [......]
Gold:   36         SH:  0    Dex: 13    Spells: 5 memorised, 3 levels left

rFire  . . .     SeeInvis .     h - +0 dagger (curse)
rCold  . . .     Gourm    .     a - +0 robe
rNeg   . . .     Faith    .     (no shield)
rPois  .         Spirit   .     i - +1 hat
rElec  .         Dismiss  .     (no cloak)
rCorr  .         Reflect  .     (no gloves)
SustAt .         Harm     .     (no boots)
MR     .....     Rnd*Tele +     (no amulet)
Stlth  ++........               (no ring)
                                f - ring of teleportation (curse)

@: not resistant to hostile enchantments, unstealthy
A: no striking features
a: Renounce Religion


You were on level 2 of the Dungeon.
You worshipped Vehumet.
Vehumet was noncommittal.
You were not hungry.

You visited 1 branch of the dungeon, and saw 3 of its levels.

You collected 36 gold pieces.

Inventory:

Hand Weapons
 h - a cursed +0 dagger (weapon)
Armour
 a - a +0 robe (worn)
 b - a +0 hat
 i - a +1 hat (worn)
 n - a +0 helmet
Jewellery
 f - a cursed ring of teleportation (left hand)
Wands
 j - a wand of slowing (38/48)
Scrolls
 k - a scroll of identify {unknown}
Potions
 e - a potion of flight {unknown}
 l - a potion of haste {unknown}
 m - a potion of might {unknown}
Books
 c - a book of Minor Magic

   Spells                             Type                      Level
   a - Magic Dart                     Conjuration                  1
   b - Blink                          Translocation                2
   c - Call Imp                       Summoning                    2
   d - Repel Missiles                 Charms/Air                   2
   e - Slow                           Hexes                        2
   f - Conjure Flame                  Conjuration/Fire             3
   g - Mephitic Cloud                 Conjuration/Poison/Air       3
Comestibles
 d - 2 bread rations
 g - 3 fruits
 o - 2 chunks of flesh


   Skills:
 - Level 2.4 Dodging
 - Level 2.4 Stealth
 + Level 5.7 Spellcasting
 * Level 3.8 Conjurations
   Level 1.1 Summonings
 - Level 1.1 Translocations


You had 3 spell levels left.
You knew the following spells:

 Your Spells              Type           Power        Failure   Level  Hunger
a - Magic Dart            Conj           ####         1%          1    None
b - Blink                 Tloc           N/A          10%         2    None
c - Repel Missiles        Chrm/Air       #.....       14%         2    None
d - Mephitic Cloud        Conj/Pois/Air  ##......     17%         3    #......
e - Conjure Flame         Conj/Fire      ###.....     14%         3    #......


Dungeon Overview and Level Annotations

Branches:
Dungeon (3/15)

Altars:
Kikubaaqudgha
Vehumet

Annotations:
D:1 monsters behind glass


Message History

You see here a stone.
Casting: Blink
Confirm with . or Enter, or press ? or * to list all spells.
Aiming: Magic Dart
Press: ? - help, Shift-Dir - straight line, f/p - orc priest
Aim: an orc priest, wearing a ring mail (severely wounded)
The magic dart hits the orc priest.
The orc priest is almost dead.
The orc priest calls down the wrath of Beogh upon you.
Pain shoots through your body!
* * * LOW HITPOINT WARNING * * *
You closely miss the orc priest.
The orc priest is almost dead.
The orc priest hits you.
* * * LOW HITPOINT WARNING * * *
The goblin shoots a stone.
The stone barely misses you.
You hit the orc priest but do no damage.
The orc priest is almost dead.
The orc priest hits you.
You die...

#..########..###......
#..########.(# #§.##.#
##..##........# #.§.#..
#.............# #g#####
#.............# #>.# #
######........# #######
#.g......# #_..
#.o......# ####
#@.((....# # ##########
#####
########...########.#.#
#...................#.#
###.####...##########.#
#.# #...# #####.# #.#
##### #...#.# #.#
#.).#.# #.# #...#.#


You could see an orc priest and a goblin.

Vanquished Creatures
  Robin (D:2)
  4 adders (D:2)
  An ooze (D:2)
  2 dart slugs (D:1)
  A giant gecko (D:2)
  4 bats
  A giant cockroach (D:2)
  14 goblins
  6 hobgoblins
  3 giant newts
  5 kobolds (D:1)
  7 rats
  A rat zombie (D:2)
50 creatures vanquished.

Notes
Turn   | Place    | Note
--------------------------------------------------------------
     0 | D:1      | Jojapa the Deep Elf Wizard began the quest for the Orb.
     0 | D:1      | Reached XP level 1. HP: 10/10 MP: 7/7
     0 | D:1      | Noticed a vampire
     6 | D:1      | Noticed an ogre
     8 | D:1      | Noticed an elf
    12 | D:1      | Noticed a merfolk zombie
    14 | D:1      | Noticed a vine stalker
    14 | D:1      | Noticed a merfolk zombie
   268 | D:1      | Reached XP level 2. HP: 6/15 MP: 1/9
   570 | D:1      | Reached skill level 5 in Spellcasting
  1504 | D:2      | Reached XP level 3. HP: 19/19 MP: 7/11
  1508 | D:2      | Learned a level 2 spell: Blink
  1511 | D:2      | Learned a level 2 spell: Repel Missiles
  1515 | D:2      | Learned a level 3 spell: Mephitic Cloud
  1519 | D:2      | Learned a level 3 spell: Conjure Flame
  1703 | D:2      | Found a radiant altar of Vehumet.
  1713 | D:2      | Became a worshipper of Vehumet
  2072 | D:2      | Found an ancient bone altar of Kikubaaqudgha.
  2109 | D:2      | Noticed Robin
  2109 | D:2      | Reached XP level 4. HP: 24/24 MP: 10/13
  2797 | D:2      | Killed Robin
  3035 | D:2      | Slain by an orc priest

Skill      XL: |  1  2  3 |
---------------+----------+-----
Spellcasting   | 5 |  5.7
Conjurations   | 2 3 |  3.8
Dodging        | |  2.4
Stealth        | |  2.4
Summonings     | |  1.1
Translocations | |  1.1

Action                   |  1- 3 |  4- 6 || total
-------------------------+-------+-------++-------
Melee: Dagger            |       |     2 ||     2
 Cast: Magic Dart        |    85 |    37 ||   122
       Mephitic Cloud    |       |     4 ||     4
       Blink             |       |     2 ||     2
  Eat: Chunk             |     3 |     3 ||     6
Armor: Robe              |     1 |     2 ||     3
Dodge: Dodged            |     4 |     8 ||    12
